 Dungeon Crawl Stone Soup version 0.22.1-1-ga44c0e5 (webtiles) character file.

8531 Zebedee the Grappler (level 11, -10/92 HPs)
             Began as a Troll Transmuter on Oct 7, 2018.
             Was a Follower of Sif Muna.
             Mangled by a white ugly thing (26 damage)
             ... on level 12 of the Dungeon.
             The game lasted 00:45:51 (9987 turns).

Zebedee the Grappler (Troll Transmuter)             Turns: 9987, Time: 00:45:53

Health: -10/92     AC:  8    Str: 20    XL:     11   Next: 11%
Magic:  0/18       EV:  9    Int: 12    God:    Sif Muna [*.....]
Gold:   644        SH:  0    Dex: 10    Spells: 13/21 levels left

rFire    + . .     SeeInvis +     - Unarmed
rCold    . . .     Gourm    +   (no shield)
rNeg     . . .     Faith    .   b - +0 robe
rPois    .         Spirit   +   (helmet restricted)
rElec    .         Reflect  .   t - scarf {Spirit}
rCorr    .         Harm     .   (gloves unavailable)
MR       .....                  (boots unavailable)
Stlth    +.........             j - amulet of rage
HPRegen  0.65/turn              z - +1 ring of protection
MPRegen  0.16/turn              h - ring of see invisible

@: lethally poisoned (-10 -> -11), very slightly contaminated, drained
A: large, unfitting armour, claws 3, yellow scales 1, fire resistance 1, fast
metabolism 3, gourmand, regeneration 1, shaggy fur 1, tough skin 2
a: Divine Energy, Renounce Religion, Evoke Berserk Rage


You were on level 12 of the Dungeon.
You worshipped Sif Muna.
Sif Muna was aware of your devotion.
You were not hungry.

You visited 2 branches of the dungeon, and saw 12 of its levels.

You collected 714 gold pieces.
You spent 70 gold pieces at shops.

Inventory:

Hand Weapons
 p - a +1 halberd of venom
 u - a +0 blowgun
Missiles
 a - 186 arrows
 v - 7 poisoned needles
 B - 8 curare-tipped needles
 F - a throwing net
 J - 12 tomahawks (quivered)
 Q - 3 needles of frenzy
Armour
 b - a +0 robe (worn)
 t - a scarf of spirit shield (worn)
Jewellery
 h - a ring of see invisible (right claw)
 i - an uncursed amulet of magic regeneration
 j - an amulet of rage (around neck)
 l - a +4 ring of dexterity
 m - an uncursed ring of positive energy
 n - an uncursed ring of protection from cold
 x - an uncursed ring of flight
 z - a +1 ring of protection (left claw)
 D - an uncursed ring of positive energy
 O - a +3 ring of strength
Wands
 g - a wand of random effects (23)
 o - a wand of iceblast (9)
 C - a wand of disintegration (12)
 M - a wand of flame (35)
 P - a wand of acid (10)
Scrolls
 c - 3 scrolls of enchant weapon
 k - 8 scrolls of remove curse
 s - 3 scrolls of amnesia
 w - 3 scrolls of identify
 y - 2 scrolls of magic mapping
 L - a scroll of fog {unknown}
Potions
 e - a potion of degeneration
 q - a potion of berserk rage {unknown}
 N - a potion of cancellation {unknown}
Comestibles
 d - 18 rations


   Skills:
 + Level 1.6(0.7) Fighting
 - Level 1.5(0.7) Dodging
 + Level 11.7(10.5) Unarmed Combat
 * Level 5.6(4.6) Spellcasting
 - Level 5.2(4.2) Hexes
 - Level 3.2(2.3) Translocations
 - Level 1.4(0.5) Transmutations
 - Level 2.1(1.2) Evocations


You had 13 spell levels left.
You knew the following spells:

 Your Spells              Type           Power        Failure   Level  Hunger
a - Beastly Appendage     Tmut           #.....       17%         1    None
b - Blink                 Tloc           N/A          12%         2    ##.....
c - Confusing Touch       Hex            ##....       3%          1    None
d - Ice Form              Ice/Tmut       #.......     88%         4    ####...

Your spell library contained the following spells:

 Spells                   Type           Power        Failure   Level  Hunger
 Corona                   Hex            ##.....      3%          1    None
 Slow                     Hex            ##......     5%          2    ##.....
 Confuse                  Hex            ##......     11%         3    ###....
 Tukima's Dance           Hex            ##......     11%         3    ###....
 Ensorcelled Hibernation  Hex/Ice        #.....       13%         2    ##.....
 Magic Dart               Conj           #...         21%         1    None
 Gell's Gravitas          Tloc           #.........   24%         3    ###....
 Sticks to Snakes         Tmut           #.......     26%         2    ##.....
 Dazzling Spray           Conj/Hex       #.....       26%         3    ###....
 Call Imp                 Summ           #.......     30%         2    ##.....
 Searing Ray              Conj           #.....       30%         2    ##.....
 Spider Form              Tmut/Pois      #.........   50%         3    ###....
 Conjure Flame            Conj/Fire      #.......     52%         3    ###....
 Mephitic Cloud           Conj/Pois/Air  #.......     52%         3    ###....
 Fulminant Prism          Conj/Hex       #.........   65%         4    ####...
 Force Lance              Conj/Tloc      #.......     77%         4    ####...
 Petrify                  Tmut/Erth      #.......     88%         4    ####...
 Iskenderun's Mystic Bla  Conj           #.......     90%         4    ####...
 Yara's Violent Unravell  Hex/Tmut       #.........   91%         5    ######.
 Metabolic Englaciation   Hex/Ice        #.........   94%         5    ######.
 Blade Hands              Tmut           #.........   99%         5    ######.


Dungeon Overview and Level Annotations

Branches:
Dungeon (10/15)            Temple (1/1) D:4            Lair (0/6) D:9
    Orc (0/2) D:12

Altars:
Ashenzari
Cheibriados
Dithmenos
Elyvilon
Fedhas
Gozag
Hepliaklqana
Kikubaaqudgha
Makhleb
Nemelex Xobeh
Okawaru
Qazlal
Ru
Sif Muna
Trog
Uskayaw
Vehumet
Wu Jian
Xom
Yredelemnul
Zin
The Shining One

Shops:
D:4 ?   D:9 }

Annotations:
D:8 exclusion: downstairs


Innate Abilities, Weirdness & Mutations

You are too large for most types of armour.
You have claws for hands.
Your metabolism is lightning-fast.
You like to eat raw meat.
Your natural rate of healing is unusually fast.
You are covered in fur. (AC +1)
You have very tough skin. (AC +2)
You are partially covered in yellow scales. (AC +2)
Your flesh is heat resistant. (rF+)


Message History

The eye of draining is moderately wounded.
You claw the eye of draining!
The eye of draining is heavily wounded.
The eye of draining gazes at you.
You feel your power leaking away.
You scratch the eye of draining but do no damage.
The eye of draining is heavily wounded.
You feel sick.
You claw the eye of draining!
The eye of draining is almost dead.
The eye of draining gazes at you.
You mangle the eye of draining!!
You kill the eye of draining!
Sif Muna accepts your kill. The white ugly thing headbutts you.
The white ugly thing freezes you!
* * * LOW HITPOINT WARNING * * *
The white ugly thing headbutts you.
* * * LOW HITPOINT WARNING * * *
The white ugly thing freezes you!!
You die...

*,****
****###*********,****
*,,,...,,,,,,,,,,,,,,
#,**#.#**,,,,,,,,,,,,
#.* #.# ********.#**,
*****###.#*#.# *.# *,
*,,,,.....##.# *.# *,
*,**###.#...u#######
*.# *,
*,**.......@....y..#
*.# *>
*,**.###.#########.#
*.# ** *,**,* *,*
##.####.## *,**,* *,*
#........### *,**,*
*,* ##.#####....
*,**,* *,* ### #..##
*,**,* *,* **,#.
*,**,* *,********
*,#. *,<,,*
*,,,,,,,,* *...


You could see a white ugly thing and a vampire mosquito.

Vanquished Creatures
  Harold (D:6)
  A two-headed ogre (D:10)
  Sonja (D:10)
  A deep elf mage (D:10)
  2 wraiths
  6 yaks
  A wyvern (D:5)
  A human (D:9)
  A hungry ghost (D:7)
  Grum (D:8)
  2 orc warriors
  3 sky beasts
  A hornet zombie (D:10)
  2 ice beasts
  A phantom (D:9)
  A black bear (D:8)
  An eye of draining (D:12)
  3 ogres
  3 wolves (D:8)
  5 centaurs
  A crocodile (D:7)
  2 bullfrogs
  2 wyvern zombies
  2 scorpions
  7 killer bees
  5 wights (D:7)
  3 howler monkeys
  4 electric eels (D:9)
  2 crimson imps
  3 bullfrog skeletons
  4 hounds
  A jelly (D:5)
  8 orc wizards
  4 orc priests
  A centaur skeleton (D:5)
  An iguana (D:10)
  Ijyb (D:5)
  5 worker ants
  A killer bee zombie (D:6)
  A hound skeleton (D:4)
  14 gnolls
  A howler monkey skeleton (D:8)
  14 adders
  3 shadow imps
  An ooze (D:1)
  3 adder zombies
  An adder skeleton (D:6)
  3 worms
  3 dart slugs (D:1)
  8 leopard geckos
  40 orcs
  A ball python (D:1)
  7 giant cockroaches
  9 goblins
  10 hobgoblins
  3 jackals (D:1)
  2 quokkas
  6 bats
  8 frilled lizards
  A jackal zombie (D:5)
  9 kobolds
  4 rats
247 creatures vanquished.

Vanquished Creatures (others)
  A human (D:5)
1 creature vanquished.

Grand Total: 248 creatures vanquished

Notes
Turn   | Place    | Note
-------+----------+-------------------------------------------
     0 | D:1      | Zebedee the Troll Transmuter began the quest for the Orb.
     0 | D:1      | Reached XP level 1. HP: 18/18 MP: 1/1
   140 | D:1      | Reached XP level 2. HP: 26/26 MP: 2/2
   230 | D:1      | Reached skill level 4 in Unarmed Combat
   279 | D:1      | Reached XP level 3. HP: 32/32 MP: 3/3
  1065 | D:2      | Reached skill level 1 in Fighting
  1145 | D:2      | Reached XP level 4. HP: 41/41 MP: 4/4
  1167 | D:2      | Reached skill level 1 in Evocations
  1175 | D:2      | Reached skill level 5 in Unarmed Combat
  1177 | D:2      | HP: 3/61 [poisoned by a gnoll]
  1182 | D:2      | HP: 2/41 [poisoned by a gnoll]
  1187 | D:2      | HP: 2/41 [poisoned by a gnoll]
  1502 | D:2      | Reached XP level 5. HP: 37/48 MP: 5/5
  2358 | D:3      | Found a white marble altar of Elyvilon.
  2381 | D:3      | Gained mutation: Your spells are a little harder to cast,
                  | but a little more powerful. [potion of mutation]
  2381 | D:3      | Gained mutation: You are resistant to hostile enchantments.
                  | (MR+) [potion of mutation]
  2446 | D:3      | Lost mutation: Your spells are a little harder to cast, but
                  | a little more powerful. [potion of mutation]
  2446 | D:3      | Lost mutation: You are resistant to hostile enchantments.
                  | (MR+) [potion of mutation]
  2446 | D:3      | Gained mutation: You are partially covered in yellow
                  | scales. (AC +2) [potion of mutation]
  2446 | D:3      | Gained mutation: Your flesh is heat resistant. (rF+)
                  | [potion of mutation]
  2618 | D:3      | Reached skill level 6 in Unarmed Combat
  2618 | D:3      | Reached XP level 6. HP: 55/55 MP: 6/6
  3318 | D:4      | Learned a level 2 spell: Blink
  3343 | D:4      | Found a staircase to the Ecumenical Temple.
  3375 | Temple   | Entered the Ecumenical Temple
  3806 | D:4      | Found Akuneuf's Magic Scroll Shop.
  3811 | D:4      | Bought a scroll of identify for 28 gold pieces
  3811 | D:4      | Bought a scroll of remove curse for 42 gold pieces
  4011 | D:5      | Entered Level 5 of the Dungeon
  4020 | D:5      | Reached skill level 7 in Unarmed Combat
  4036 | D:4      | Reached XP level 7. HP: 40/62 MP: 3/7
  4212 | D:5      | Reached skill level 1 in Translocations
  4284 | D:5      | Found a snail-covered altar of Cheibriados.
  4309 | D:5      | Found a shadowy altar of Dithmenos.
  4309 | D:5      | Found a shattered altar of Ashenzari.
  4365 | D:5      | Noticed Ijyb
  4382 | D:5      | Killed Ijyb
  4495 | D:5      | Reached skill level 8 in Unarmed Combat
  4585 | D:5      | Noticed a wyvern
  4593 | D:5      | Killed a wyvern
  4593 | D:5      | Reached XP level 8. HP: 57/70 MP: 5/8
  4839 | D:5      | Found an ancient bone altar of Kikubaaqudgha.
  5091 | D:6      | Reached skill level 9 in Unarmed Combat
  5366 | D:6      | Found a glowing golden altar of the Shining One.
  5476 | D:6      | Reached skill level 10 in Unarmed Combat
  5986 | D:7      | Noticed Harold
  6004 | D:6      | Killed Harold
  6004 | D:6      | Reached skill level 11 in Unarmed Combat
  6004 | D:6      | Reached XP level 9. HP: 74/76 MP: 6/11
  6069 | D:6      | Learned a level 1 spell: Confusing Touch
  6257 | D:7      | Reached skill level 1 in Hexes
  6823 | D:8      | Noticed Grum
  6849 | D:8      | Killed Grum
  6849 | D:8      | Reached XP level 10. HP: 34/84 MP: 6/14
  7271 | D:8      | Found a deep blue altar of Sif Muna.
  7570 | D:8      | Became a worshipper of Sif Muna the Loreminder
  8246 | D:8      | Reached * piety under Sif Muna
  8297 | D:8      | Reached skill level 5 in Spellcasting
  8373 | D:9      | Found a staircase to the Lair.
  8432 | D:9      | Found Vuqudenn's Gadget Boutique.
  8965 | D:10     | Entered Level 10 of the Dungeon
  8977 | D:10     | Learned a level 4 spell: Ice Form
  9013 | D:10     | Noticed a two-headed ogre
  9035 | D:10     | Killed a two-headed ogre
  9035 | D:10     | Reached skill level 5 in Hexes
  9210 | D:10     | Noticed Sonja
  9228 | D:10     | HP: 6/126 [poisoned by Sonja (curare-tipped needle)]
  9233 | D:10     | HP: 3/126 [poisoned by Sonja (curare-tipped needle)]
  9234 | D:10     | Killed Sonja
  9234 | D:10     | Reached XP level 11. HP: 2/92 MP: 18/18
  9234 | D:10     | HP: 1/138 [poisoned by Sonja (curare-tipped needle)]
  9770 | D:10     | Noticed a deep elf mage
  9789 | D:10     | Killed a deep elf mage
  9958 | D:10     | You fall through a shaft for 2 floors!
  9958 | D:12     | Noticed an orc knight
  9958 | D:12     | Noticed a two-headed ogre
  9958 | D:12     | Noticed a centaur warrior
  9960 | D:12     | Noticed a tengu warrior
  9962 | D:12     | Noticed a centaur warrior
  9980 | D:12     | Noticed a white ugly thing
  9987 | D:12     | Mangled by a white ugly thing

Skill      XL: |  1  2  3  4  5  6  7  8  9 10 |
---------------+-------------------------------+-----
Unarmed Combat | 4 5 6 7 8 11 | 11.7
Fighting       | 1 |  1.6
Evocations     | 1 2 |  2.1
Translocations | 2 3 |  3.2
Spellcasting   | 2 3 5 |  5.6
Hexes          | 3 5 |  5.2
Dodging        | |  1.5
Transmutations | |  1.4

Action                   |  1- 3 |  4- 6 |  7- 9 | 10-12 || total
-------------------------+-------+-------+-------+-------++-------
Melee: Unarmed           |   122 |   193 |   291 |   262 ||   868
       Punch             |     1 |     6 |    10 |    12 ||    29
       Kick              |       |     1 |       |       ||     1
       Headbutt          |       |       |       |     3 ||     3
Throw: Tomahawk          |       |       |     4 |       ||     4
 Cast: Beastly Appendage |       |     1 |       |     3 ||     4
       Confusing Touch   |       |       |     1 |     6 ||     7
 Abil: Evoke Berserk Rag |       |     2 |     3 |     1 ||     6
  Use: Potion            |       |     4 |     1 |     7 ||    12
       Scroll            |       |       |       |    12 ||    12
 Stab: Confused          |       |       |     2 |     3 ||     5
       Sleeping          |       |       |     1 |       ||     1
  Eat: Chunk             |    15 |    29 |    36 |    24 ||   104
Armor: Robe              |    41 |    48 |    75 |    59 ||   223
       Skin              |       |       |       |    11 ||    11
Dodge: Dodged            |    70 |    89 |   133 |    92 ||   384
